 Dungeon Crawl Stone Soup version 0.17-a0-957-ga3519be (webtiles) character file.

529 FedoraBrony69 the Conjurer (level 7, 0/36 HPs)
             Began as a Deep Elf Conjurer on May 7, 2015.
             Was an Initiate of Vehumet.
             Killed from afar by Blork the orc (6 damage)
             ... with a puff of frost
             ... on level 5 of the Dungeon.
             The game lasted 00:11:16 (4298 turns).

FedoraBrony69 the Conjurer (Deep Elf Conjurer)      Turns: 4298, Time: 00:11:16

Health: 0/36       AC: 10    Str:  5    XL:     7   Next: 3%
Magic:  1/18       EV: 13    Int: 22    God:    Vehumet [......]
Gold:   254        SH:  0    Dex: 15    Spells: 3 memorised, 8 levels left

rFire  + . .     SeeInvis .     r - +2 dagger (protect)
rCold  x . .     Clarity  .     a - +0 robe
rNeg   + . .     SustAb   .     (no shield)
rPois  .         Gourm    .     n - +0 helmet
rElec  .         Spirit   .     h - +0 cloak
rCorr  .         Warding  +     (no gloves)
rMut   .         Stasis   .     C - +0 pair of boots
MR     .....                    x - macabre finger necklace {Ward rN+}
Stlth  ++........               (no ring)
                                j - ring of fire
                                (no ring)

@: about to teleport, not resistant to hostile enchantments, unstealthy
A: no striking features
a: Renounce Religion


You were on level 5 of the Dungeon.
You worshipped Vehumet.
Vehumet was noncommittal.
You were hungry.

You visited 2 branches of the dungeon, and saw 7 of its levels.

You collected 254 gold pieces.

Inventory:

Hand weapons
 r - a +2 dagger of protection (weapon)
Armour
 a - a +0 robe (worn)
 h - a +0 cloak (worn)
 n - a +0 helmet (worn)
 C - a +0 pair of boots (worn)
Jewellery
 j - a ring of fire (left hand)
 x - the macabre finger necklace (around neck) {Ward rN+}
   (You found it on level 4 of the Dungeon)

   [amulet of warding]

   It may prevent the melee attacks of summoned creatures.
   It protects you from negative energy.
 y - an uncursed amulet of warding
Magical devices
 v - a wand of slowing (37)
Scrolls
 f - 2 scrolls of remove curse
 i - 2 scrolls of identify
 o - 3 scrolls of amnesia
 u - a scroll of immolation {unknown}
 B - 2 scrolls of magic mapping {unknown}
Potions
 d - 2 potions of resistance {unknown}
 e - a potion of berserk rage {unknown}
 g - 6 potions of curing
 k - 3 potions of heal wounds {unknown}
 p - 2 potions of might {unknown}
 s - 2 potions of brilliance {unknown}
 w - 2 potions of haste {unknown}
 z - a potion of cancellation {unknown}
 A - a potion of flight {unknown}
Books
 b - a book of Conjurations

   Spells                             Type                      Level
   a - Magic Dart                     Conjuration                  1
   b - Searing Ray                    Conjuration                  2
   c - Dazzling Spray                 Conjuration/Hexes            3
   d - Fulminant Prism                Conjuration/Hexes            4
   e - Iskenderun's Mystic Blast      Conjuration                  4
   f - Iskenderun's Battlesphere      Conjuration/Charms           5
Comestibles
 c - 6 bread rations
 l - 2 beef jerkies
 m - 2 fruits
 t - 2 meat rations
 D - a chunk of flesh


   Skills:
 - Level 2.4 Dodging
 - Level 2.4 Stealth
 + Level 6.4 Spellcasting
 + Level 6.8 Conjurations
 * Level 5.0 Charms


You had 8 spell levels left.
You knew the following spells:

 Your Spells              Type           Power        Failure   Level  Hunger
a - Magic Dart            Conj           ####         1%          1    None
b - Iskenderun's Battles  Conj/Chrm      ####....     21%         5    #####..
c - Iskenderun's Mystic   Conj           #####...     8%          4    ###....


Dungeon Overview and Level Annotations

Branches:
Dungeon (6/15)             Temple (1/1) D:5

Altars:
Ashenzari
Cheibriados
Dithmenos
Elyvilon
Fedhas
Gozag
Kikubaaqudgha
Makhleb
Nemelex Xobeh
Okawaru
Qazlal
Ru
Sif Muna
Trog
Vehumet
Xom
Yredelemnul
Zin
The Shining One

Annotations:
D:5 Blork the orc
D:6 Dowan, Duvessa, Edmund


Message History

Drink which item? (? for menu, Esc to quit)
It was a potion of curing.
You feel better. Blork the orc barely misses you.
Read which item? (? for menu, Esc to quit)
As you read the scroll labeled FULLEEDWAE, it crumbles to dust.
You feel blessed for a moment.
It was a scroll of remove curse.
Blork the orc barely misses you.
Read which item? (? for menu, Esc to quit)
As you read the scroll labeled UBAUNWANEO, it crumbles to dust.
It is a scroll of identify.
Identify which item? (\ to view known items) (? for menu, Esc to quit)
o - 3 scrolls of amnesia Read which item? (? for menu, Esc to quit)
As you read the scroll labeled AFRADW CIUMOEKHLIE, it crumbles to dust.
You feel strangely unstable.
It was a scroll of teleportation.
Blork the orc hits you with a flail. Blork the orc hits you with a flail!
* * * LOW HITPOINT WARNING * * *
Blork the orc casts a spell at you. The puff of frost hits you!
You feel a terrible chill!
You die...

##################
...............o>#
################.#
#@# # #.# #####
#.# .(..# #.#
....# ####.# ....#
#....# ....##
#.#### ....)#
#....# .....#
####.#


You could see Blork the orc.

Vanquished Creatures
  A sky beast (D:6)
  An ogre (D:5)
  A giant frog skeleton (D:4)
  An orc priest (D:6)
  2 worker ants (D:5)
  A hound (D:5)
  2 worker ant zombies
  6 adders
  3 oozes
  An adder skeleton (D:4)
  3 worms (D:4)
  3 giant geckos
  7 orcs
  2 ball pythons (D:2)
  11 bats
  A bat skeleton (D:5)
  A bat zombie (D:5)
  7 giant cockroaches
  12 hobgoblins
  4 jackals (D:1)
  16 kobolds
  3 quokkas
  3 giant newts
  11 goblins
  A quokka skeleton (D:5)
  9 rats
113 creatures vanquished.

Notes
Turn   | Place    | Note
--------------------------------------------------------------
     0 | D:1      | FedoraBrony69, the Deep Elf Conjurer, began the quest for the Orb.
     0 | D:1      | Reached XP level 1. HP: 10/10 MP: 6/6
   236 | D:1      | Reached XP level 2. HP: 13/15 MP: 6/8
   643 | D:1      | Reached skill level 5 in Conjurations
   957 | D:2      | Reached XP level 3. HP: 19/19 MP: 6/10
  1418 | D:3      | Reached XP level 4. HP: 24/24 MP: 6/12
  1595 | D:3      | HP: 1/24 [something (5)]
  1858 | D:3      | Found a bloodstained altar of Trog.
  2196 | D:4      | Reached skill level 5 in Spellcasting
  2196 | D:4      | Reached skill level 6 in Conjurations
  2196 | D:4      | Reached XP level 5. HP: 26/28 MP: 5/14
  2203 | D:4      | Learned a level 5 spell: Iskenderun's Battlesphere
  2208 | D:4      | Learned a level 4 spell: Iskenderun's Mystic Blast
  2592 | D:4      | Reached skill level 1 in Charms
  3073 | D:5      | Entered Level 5 of the Dungeon
  3080 | D:5      | Found a staircase to the Ecumenical Temple.
  3095 | Temple   | Entered the Ecumenical Temple
  3203 | Temple   | Became a worshipper of Vehumet
  3365 | D:5      | Found a sparkling altar of Nemelex Xobeh.
  3367 | D:5      | Noticed an ogre
  3370 | D:5      | Killed an ogre
  3370 | D:5      | Reached XP level 6. HP: 32/32 MP: 6/16
  4058 | D:6      | Reached skill level 5 in Charms
  4058 | D:6      | Reached XP level 7. HP: 36/36 MP: 10/18
  4191 | D:6      | Noticed Edmund
  4272 | D:6      | Noticed Duvessa
  4273 | D:6      | Noticed Blork the orc
  4273 | D:6      | Noticed Dowan
  4298 | D:5      | Killed from afar by Blork the orc

Action                   |  1- 3 |  4- 6 |  7- 9 || total
-------------------------+-------+-------+-------++-------
Melee: Short sword       |    19 |       |       ||    19
       Dagger            |       |     6 |     1 ||     7
 Cast: Magic Dart        |    92 |   139 |    11 ||   242
       Iskenderun's Myst |       |     9 |     4 ||    13
       Iskenderun's Batt |       |       |     1 ||     1
Evoke: Wand              |       |       |     1 ||     1
  Use: Scroll            |       |       |     3 ||     3
       Potion            |       |       |     1 ||     1
  Eat: Chunk             |     1 |     9 |     1 ||    11
